 Dungeon Crawl Stone Soup version 0.28-a0-1524-ge72afd5fc6 (webtiles) character file.

Game seed: 17040794256466638355

322 Pin the Changer (level 6, -2/39 HPs)
             Began as an Octopode Transmuter on Jan 17, 2022.
             Was an Initiate of Gozag.
             Slain by Grinder (5 damage)
             ... on level 3 of the Dungeon.
             The game lasted 00:09:09 (4884 turns).

Pin the Changer (Octopode Transmuter)               Turns: 4884, Time: 00:09:10

Health: -2/39      AC:  1    Str:  9    XL:     6   Next: 47%
Magic:  12/12      EV: 13    Int: 16    God:    Gozag
Gold:   273        SH:  0    Dex: 14    Spells: 8/13 levels left

rFire   . . .      SeeInvis .     - Unarmed
rCold   + . .      Faith    .   (no shield)
rNeg    . . .      Spirit   .   (helmet currently unavailable)
rPois   .          Reflect  .   b - amulet of the acrobat
rElec   .          Harm     .   f - ring of willpower
rCorr   .          Rampage  .   e - ring of protection from cold
Will    +....                   (no ring)
Stlth   ++........              (no ring)
HPRegen 0.13/turn               (no ring)
MPRegen 0.13/turn               (no ring)
                                (no ring)
                                (no ring)

@: appendages
A: tentacle spike 3, almost no armour, amphibious, 8 rings, camouflage 1,
gelatinous body 1, (nimble swimmer 1), tentacles
a: End Transformation, Renounce Religion, Potion Petition, Call Merchant, Bribe
Branch


You were on level 3 of the Dungeon.
You worshipped Gozag.
Gozag was aware of your devotion.
One of your tentacles had grown a beastly spike.
You visited 1 branch of the dungeon, and saw 3 of its levels.

You collected 273 gold pieces.

Inventory:

Jewellery
 b - an amulet of the acrobat (around mantle)
 e - a ring of protection from cold (right tentacle)
 f - a ring of willpower (left tentacle)
Wands
 i - a wand of flame (15)
Scrolls
 a - 2 scrolls of magic mapping {unknown}
 g - 2 scrolls of teleportation
Potions
 c - a potion of haste
 d - 4 potions of curing
 h - a potion of lignification {unknown}


   Skills:
 - Level 1.8 Fighting
 - Level 2.6 Dodging
 - Level 3.4 Unarmed Combat
 + Level 4.1 Spellcasting
 + Level 4.3 Transmutations


You had 8 spell levels left.
You knew the following spells:

 Your Spells              Type           Power      Damage    Failure   Level
a - Beastly Appendage     Tmut           34%        N/A       2%          1
b - Ice Form              Ice/Tmut       10%        N/A       56%         4

Your spell library contained the following spells:

 Spells                   Type           Power      Damage    Failure   Level
 Wereblood                Tmut           17%        N/A       4%          2
 Spider Form              Tmut/Pois      10%        N/A       21%         3


Dungeon Overview and Level Annotations

Branches:
Dungeon (3/15)

Altars:
Gozag

Annotations:
D:3 Grinder


Innate Abilities, Weirdness & Mutations

One of your tentacles has grown a beastly spike.
You cannot wear most types of armour.
You are amphibious.
You can wear up to eight rings at the same time.
Your skin changes colour to match your surroundings (Stealth+).
Your rubbery body absorbs attacks. (AC +1, EV +1)
((You are camouflaged when in or above water. (Stealth+)))
You have tentacles for arms and can constrict up to eight enemies at once.


Message History

Magic restored.
Grinder comes into view.
She is carrying a wand of flame (7).
You see here 8 gold pieces.
Grinder is nearby!
Your transformation is almost over.
Things that are here:
a +0 scythe; a +0 robe
There is a stone staircase leading up, spattered with blood here.
Your tentacle spike disappears.
Things that are here:
a +0 scythe; a +0 robe Grinder shouts!
Grinder says, "You look like you could use a good racking."
Grinder zaps a wand.
The puff of flame hits you!
Casting: Beastly Appendage (safe; 2% risk of failure)
Confirm with . or Enter, or press ? or * to list all spells.
One of your tentacles grows a vicious spike.
A dart slug comes into view.
The dart slug launches a dart at you. The slug dart hits you.
You closely miss Grinder. Your grab misses Grinder.
Your squeeze misses Grinder. Grinder hits you.
You writhe in agony.
You completely miss Grinder. Your grab misses Grinder.
You pierce Grinder.
Grinder is lightly wounded.
Grinder gestures at you.
You suddenly lose the ability to move!
The dart slug launches a dart at you. The slug dart hits you. Grinder hits you.
* * * LOW HITPOINT WARNING * * *
You writhe in agony.
* * * LOW HITPOINT WARNING * * *
Grinder hits you.
* * * LOW HITPOINT WARNING * * *
You can move again.
You tentacle-slap Grinder. You grab Grinder.
Grinder is moderately wounded.
You constrict Grinder. Grinder hits you.
You die...
Your body crumbles into a pile of gold.

..................# .
.....................
....>?...#.#######....
......##.#.# ....
...### #.#.# ... #.
..###$..## .#
#...........#
......$....##
#........>@.#
#...$.....#5#
#.........#..#
#..............
#####.#.##....w..
#..#. ....#..... ..
............. .#
...... ....
............


You could see Grinder and a dart slug.

Vanquished Creatures
  Sigmund (D:3)
  Natasha (thrice) (D:2)
  4 adders
  2 worms
  A dart slug (D:1)
  6 bats
  5 endoplasms
  2 goblins
  5 hobgoblins
  A jackal (D:1)
  3 kobolds
  2 quokkas (D:2)
  8 ball pythons
  2 frilled lizards
  2 rats
47 creatures vanquished.

Notes
Turn   | Place    | Note
-------+----------+-------------------------------------------
     0 | D:1      | Pin the Octopode Transmuter began the quest for the Orb.
     0 | D:1      | Reached XP level 1. HP: 13/13 MP: 3/3
   102 | D:1      | Reached XP level 2. HP: 7/18 MP: 3/5
  1467 | D:1      | Found a faded altar of an unknown god.
  1632 | D:1      | Prayed at the altar of an unknown god.
  1632 | D:1      | Became a worshipper of Gozag Ym Sagoz the Greedy
  1716 | D:2      | Reached XP level 3. HP: 14/23 MP: 6/6
  2379 | D:2      | Upgraded the game from 0.28-a0-1518-gbe868bca14 to
                  | 0.28-a0-1524-ge72afd5fc6
  2525 | D:2      | Reached XP level 4. HP: 21/29 MP: 5/7
  2677 | D:2      | Learned a level 4 spell: Ice Form
  2748 | D:2      | Noticed Natasha
  2762 | D:2      | Killed Natasha
  2775 | D:2      | Noticed Natasha
  2786 | D:2      | Killed Natasha
  3215 | D:2      | Reached XP level 5. HP: 34/34 MP: 9/9
  3255 | D:2      | Noticed Natasha
  3265 | D:2      | Killed Natasha
  3777 | D:3      | Noticed Sigmund
  4504 | D:3      | Killed Sigmund
  4505 | D:3      | Reached XP level 6. HP: 14/39 MP: 8/12
  4822 | D:3      | Noticed Grinder
  4880 | D:3      | Paralysed by Grinder for 3 turns
  4884 | D:3      | Slain by Grinder

Illustrated notes

Levels and vault maps discovered:
D:1:      dpeg_arrival_tiny_j, layout_basic, serial_rivers,
          chequers_serial_rivers_large_a, chequers_serial_rivers_large_b,
          chequers_serial_rivers_micro_b, chequers_serial_rivers_room_b,
          ebering_ecumenical_altar_abandoned, minmay_ruptured
D:2:      layout_basic, minmay_cupped, uniq_natasha
D:3:      layout_rooms, nicolae_qazlal_eye_of_the_storm, uniq_grinder,
          uniq_sigmund

Skill      XL: |  1  2  3  4  5 |
---------------+----------------+-----
Transmutations | 3 4 |  4.3
Spellcasting   | 3 4 |  4.1
Fighting       | |  1.8
Dodging        | |  2.6
Unarmed Combat | |  3.4

Action                   |  1- 3 |  4- 6 || total
-------------------------+-------+-------++-------
Melee: Unarmed           |    64 |    59 ||   123
       Constrict         |    14 |    14 ||    28
       Tentacles         |    11 |    14 ||    25
       Punch             |     2 |     1 ||     3
       Kick              |     7 |    18 ||    25
 Cast: Beastly Appendage |     5 |     8 ||    13
  Use: Scroll            |       |     4 ||     4
 Stab: Sleeping          |     5 |     2 ||     7
Armor: Skin              |     7 |     1 ||     8
Dodge: Dodged            |    25 |    39 ||    64

Table legend: (Time is in decaauts)
 A = Elapsed time spent in this place.
 B = Non-inter-level travel time spent in this place.
 C = Inter-level travel time spent in this place.
 D = Time resting spent in this place.
 E = Time spent auto-exploring this place.
 F = Levels seen in this place.
 G = Mean time per level.
                   A        B        C        D        E       F      G
               +--------+--------+--------+--------+--------+-----+--------+
         Total |   4875 |   4850 |     25 |   2512 |   1794 |   3 | 1625.0 |
       Dungeon |   4875 |   4850 |     25 |   2512 |   1794 |   3 | 1625.0 |
               +--------+--------+--------+--------+--------+-----+--------+

Top non-repeatable levels by time:
     D:2: 2727 daAuts
     D:1: 1667 daAuts
     D:3: 480 daAuts
